 Dungeon Crawl Stone Soup version 0.20.0-10-g0535bb4 (webtiles) character file.

2258 straycat the Covert (level 9, 0/69 HPs)
             Began as a Vampire Wanderer on June 4, 2017.
             Was an Initiate of Yredelemnul.
             Slain by a yak (2 damage)
             ... on level 7 of the Dungeon.
             The game lasted 00:42:15 (7597 turns).

straycat the Covert (Vampire Wanderer)              Turns: 7597, Time: 00:42:16

Health: 0/69       AC: 16    Str: 11    XL:     9   Next: 15%
Magic:  0/9        EV: 13    Int: 15    God:    Yredelemnul [......]
Gold:   400        SH:  0    Dex: 14    Spells: 8/8 levels left

rFire    + . .     SeeInvis +   H - -2 war axe (curse)
rCold    . . .     Gourm    .   (no shield)
rNeg     + . .     Faith    .   a - +3 scale mail
rPois    .         Spirit   +   (no helmet)
rElec    +         Reflect  .   j - +1 cloak
rCorr    .         Harm     .   (no gloves)
MR       +....                  (no boots)
Stlth    +++.......             M - amulet of guardian spirit
Regen    0.3/turn               y - +4 ring of protection
MPRegen  0.2/turn               G - ring of protection from fire

@: about to teleport
A: fangs 3, see invisible, magic resistance 1, mutation resistance 1,
electricity resistance, weak 1, unbreathing
a: Bat Form, Renounce Religion


You were on level 7 of the Dungeon.
You worshipped Yredelemnul.
Yredelemnul was noncommittal.
You were not thirsty.

You visited 2 branches of the dungeon, and saw 8 of its levels.

You collected 400 gold pieces.

Inventory:

Hand Weapons
 f - a cursed -3 war axe
 g - a +1 mace of crushing
 h - a +6 quarterstaff of chaos
 p - a +0 long sword
 v - a +0 trident
 w - a +0 shortbow
 B - a +1 short sword of draining
 H - a cursed -2 war axe (weapon)
 P - a +0 rapier
 R - a cursed -1 flail
Missiles
 e - 188 stones (quivered)
 l - 3 javelins
 n - 42 bolts
 u - 15 poisoned needles
 E - 68 arrows
 F - a throwing net
 N - 19 sling bullets
Armour
 a - a +3 scale mail (worn)
 j - a +1 cloak (worn)
 m - a +0 leather armour of poison resistance
 r - a +0 helmet
Magical Staves
 z - an uncursed staff of wizardry {unknown}
Jewellery
 q - an uncursed amulet of regeneration
 y - a +4 ring of protection (left hand)
 G - a ring of protection from fire (right hand)
 I - an uncursed ring of wizardry
 M - an amulet of guardian spirit (around neck)
Wands
 b - a wand of random effects (29/48)
 i - a wand of digging (1/24)
Scrolls
 c - 4 scrolls of teleportation
 s - 2 scrolls of immolation
 x - a scroll of identify
 A - a scroll of magic mapping {unknown}
 K - a scroll of amnesia
Potions
 d - 7 potions of blood
 k - a potion of lignification {unknown}
 o - a potion of degeneration {unknown}
 t - 2 potions of brilliance
 C - a potion of curing {unknown}
 D - a potion of ambrosia
 L - 3 potions of haste {unknown}
 O - 2 potions of magic {unknown}
 Q - a potion of cancellation {unknown}


   Skills:
 + Level 5.8 Fighting
 - Level 1.7 Axes
 - Level 1.0 Throwing
 - Level 3.2 Armour
 * Level 9.3 Dodging
 + Level 9.4 Stealth
   Level 1.0 Shields


You had 8 spell levels left.
You didn't know any spells.

Dungeon Overview and Level Annotations

Branches:
Dungeon (7/15)             Temple (1/1) D:7

Altars:
Ashenzari
Dithmenos
Hepliaklqana
Makhleb
Okawaru
Qazlal
Ru
Yredelemnul


Innate Abilities, Weirdness & Mutations

You have razor-sharp teeth.
You have supernaturally acute eyesight. (SInv)
You can survive without breathing.
You are resistant to hostile enchantments. (MR+)
You are somewhat resistant to further mutation.
You are resistant to electric shocks. (rElec)
You are weak. (Str -2)


Message History

The hog closely misses you. x3
You hit the hog.
The hog is moderately wounded.
The hog bites you. The yak gores you!
* * * LOW HITPOINT WARNING * * *
The hog bites you but does no damage. The hog bites you but does no damage.
The yak gores you but does no damage.
Okay, then.
As you read the scroll of teleportation, it crumbles to dust.
You feel strangely unstable. The hog bites you!
* * * LOW HITPOINT WARNING * * *
The yak gores you but does no damage. The hog bites you.
* * * LOW HITPOINT WARNING * * *
The yak gores you but does no damage. The hog bites you but does no damage.
The hog completely misses you. The yak gores you.
You die...
Yredelemnul claims you as an undead slave.

#.........#.####>#
#.#####.###.. ..# #.#
#.# ########## #.## .
# #.....# #..#######
##.....# #..)...%!#
#......# ##.#....%#
#......# # #####'###
#......#### #..@Y.#
#.##....... #..hh.#
#.####.#### ########
#.####.## # #######
#......# #.......# #
......#
######.#####.####.# #
.####.#
#.............###.###
.####.#
#.###.######.........
...##.#######.###.#
#...##....
................#.#
#.#.....##


You could see a yak and 2 hogs.

Vanquished Creatures
  Eustachio (D:6)
  A human (D:7)
  A hog (D:7)
  An orc warrior (D:6)
  2 sky beasts
  3 ogres
  2 centaurs
  3 bullfrogs
  3 scorpions
  A howler monkey (D:5)
  A crimson imp (D:3)
  A bullfrog zombie (D:6)
  2 orc priests
  2 jellies (D:6)
  A bullfrog skeleton (D:4)
  Crazy Yiuf (D:2)
  2 centaur skeletons
  3 orc wizards
  3 iguanas
  Natasha (twice) (D:3)
  A worker ant (D:5)
  A hound zombie (D:5)
  7 gnolls (D:4)
  5 adders
  A shadow imp (D:6)
  3 worms (D:2)
  2 dart slugs
  6 leopard geckos
  17 orcs
  10 giant cockroaches
  8 goblins
  4 hobgoblins
  15 jackals
  3 quokkas
  A ball python (D:4)
  7 bats
  3 frilled lizards
  6 kobolds
  A leopard gecko skeleton (D:6)
  2 quokka skeletons
  5 rats
144 creatures vanquished.

Notes
Turn   | Place    | Note
-------+----------+-------------------------------------------
     0 | D:1      | straycat the Vampire Wanderer began the quest for the Orb.
     0 | D:1      | straycat set off with: a +2 scale mail, a +0 hand axe, a scroll of teleportation, a potion of blood
     0 | D:1      | Reached XP level 1. HP: 16/16 MP: 1/1
    77 | D:1      | Reached skill level 1 in Stealth
   116 | D:1      | Reached skill level 1 in Dodging
   120 | D:1      | Reached XP level 2. HP: 12/22 MP: 2/2
   806 | D:2      | Reached XP level 3. HP: 22/27 MP: 3/3
   941 | D:2      | Found a shadowy altar of Dithmenos.
  1244 | D:2      | Reached XP level 4. HP: 31/34 MP: 4/4
  1550 | D:2      | Found a runed door.
  1636 | D:2      | Noticed Crazy Yiuf
  1649 | D:2      | Killed Crazy Yiuf
  1726 | D:3      | Reached XP level 5. HP: 39/40 MP: 5/5
  2012 | D:3      | Found a stormy altar of Qazlal.
  2016 | D:3      | Found a sacrificial altar of Ru.
  2023 | D:3      | Found an iron altar of Okawaru.
  2156 | D:3      | Noticed Natasha
  2159 | D:3      | Killed Natasha
  2209 | D:3      | Noticed Natasha
  2213 | D:3      | Killed Natasha
  2497 | D:4      | Reached XP level 6. HP: 40/47 MP: 6/6
  2569 | D:4      | Reached skill level 5 in Stealth
  2715 | D:4      | Reached skill level 5 in Dodging
  3069 | D:4      | Reached XP level 7. HP: 44/53 MP: 7/7
  3346 | D:5      | Entered Level 5 of the Dungeon
  3592 | D:5      | Found a burning altar of Makhleb.
  4047 | D:5      | Found a hazy altar of Hepliaklqana.
  4177 | D:5      | Found a shattered altar of Ashenzari.
  4384 | D:6      | Reached XP level 8. HP: 61/61 MP: 2/8
  4487 | D:6      | Noticed Eustachio
  4573 | D:6      | Killed Eustachio
  5628 | D:5      | Gained mutation: You are resistant to hostile enchantments. (MR+) [potion of mutation]
  5628 | D:5      | Gained mutation: Your mind is acute. (Int +2) [potion of mutation]
  5629 | D:5      | Lost mutation: You are resistant to hostile enchantments. (MR+) [potion of mutation]
  5629 | D:5      | Lost mutation: Your mind is acute. (Int +2) [potion of mutation]
  5629 | D:5      | Gained mutation: Your body sometimes deteriorates upon taking damage. [potion of mutation]
  5629 | D:5      | Gained mutation: You have a pair of small horns on your head. [potion of mutation]
  5629 | D:5      | Gained mutation: You are partially covered in large bone plates. (SH +4) [potion of mutation]
  5630 | D:5      | Lost mutation: You have a pair of small horns on your head. [potion of mutation]
  5630 | D:5      | Lost mutation: Your body sometimes deteriorates upon taking damage. [potion of mutation]
  5630 | D:5      | Gained mutation: You are robust. (+10% HP) [potion of mutation]
  5631 | D:5      | Lost mutation: You are robust. (+10% HP) [potion of mutation]
  5631 | D:5      | Lost mutation: You are partially covered in large bone plates. (SH +4) [potion of mutation]
  5631 | D:5      | Gained mutation: You are clumsy. (Dex -2) [potion of mutation]
  5631 | D:5      | Gained mutation: You are resistant to electric shocks. (rElec) [potion of mutation]
  5631 | D:5      | Gained mutation: You have large cloven feet. [potion of mutation]
  5845 | D:7      | Found a staircase to the Ecumenical Temple.
  6575 | D:6      | Reached skill level 5 in Fighting
  7088 | D:7      | Lost mutation: You are clumsy. (Dex -2) [potion of mutation]
  7088 | D:7      | Lost mutation: You have large cloven feet. [potion of mutation]
  7088 | D:7      | Gained mutation: You are resistant to hostile enchantments. (MR+) [potion of mutation]
  7088 | D:7      | Gained mutation: You are weak. (Str -2) [potion of mutation]
  7088 | D:7      | Gained mutation: You are somewhat resistant to further mutation. [potion of mutation]
  7323 | D:7      | Reached XP level 9. HP: 60/68 MP: 9/9
  7351 | Temple   | Entered the Ecumenical Temple
  7371 | Temple   | Became a worshipper of Yredelemnul the Dark
  7595 | D:7      | HP: 2/69 [hog (5)]
  7597 | D:7      | Slain by a yak

Skill      XL: |  1  2  3  4  5  6  7  8 |
---------------+-------------------------+-----
Stealth        | 1 2 3 4 5 7 9 |  9.4
Dodging        | 1 2 3 4 5 6 9 |  9.3
Fighting       | 2 3 4 5 |  5.8
Axes           | |  1.7
Throwing       | |  1.0
Armour         | |  3.2
Shields        | |  1.0

Action                   |  1- 3 |  4- 6 |  7- 9 || total
-------------------------+-------+-------+-------++-------
Melee: Hand axe          |    66 |       |       ||    66
       Bite              |     7 |    12 |    51 ||    70
       Long sword        |    48 |    13 |       ||    61
       Quarterstaff      |       |    73 |       ||    73
       War axe           |       |    50 |   625 ||   675
       Kick              |       |       |    20 ||    20
Throw: Stone             |       |       |     4 ||     4
 Abil: End Transformatio |       |     1 |     2 ||     3
       Bat Form          |       |     1 |     2 ||     3
  Use: Scroll            |       |     9 |     9 ||    18
       Potion            |       |     4 |    18 ||    22
 Stab: Sleeping          |     2 |     1 |     6 ||     9
       Invisible         |       |     1 |       ||     1
  Eat: Corpse            |       |     2 |     4 ||     6
Armor: Scale mail        |    85 |    90 |   494 ||   669
Dodge: Dodged            |    66 |   101 |   560 ||   727
       Rpst.: Long sword |     8 |     3 |       ||    11
